 Dungeon Crawl Stone Soup version 0.21-a0-450-gd87a9b2 (webtiles) character file.

5946 slep the Carver (level 10, -7/90 HPs)
             Began as a Minotaur Monk on Nov 19, 2017.
             Was a High Priest of Okawaru.
             Mangled by a nine-headed hydra (8 damage)
             ... on level 1 of the Lair of Beasts.
             The game lasted 00:40:27 (8023 turns).

slep the Carver (Minotaur Monk)                     Turns: 8023, Time: 00:40:28

Health: -7/90      AC:  8    Str: 17    XL:     10   Next: 54%
Magic:  9/9        EV: 15    Int:  7    God:    Okawaru [*****.]
Gold:   406        SH:  0    Dex: 15    Spells: 9/9 levels left

rFire    . . .     SeeInvis .   K - +3 great sword (elec)
rCold    + . .     Gourm    .   (shield currently unavailable)
rNeg     + . .     Faith    .   T - +3 leather armour {rC+}
rPois    .         Spirit   .   (helmet restricted)
rElec    .         Reflect  .   B - scarf of Zenkair {Slay+3}
rCorr    +         Harm     .   (no gloves)
MR       .....                  f - +0 pair of boots
Stlth    ++........             (no amulet)
HPRegen  0.25/turn              k - ring of resist corrosion
MPRegen  0.11/turn              r - ring of positive energy

@: no status effects
A: retaliatory headbutt, horns 2
a: Heroism, Finesse, Renounce Religion


You were on level 1 of the Lair of Beasts.
You worshipped Okawaru.
Okawaru was extremely pleased with you.
You were not hungry.

You visited 3 branches of the dungeon, and saw 13 of its levels.

You collected 406 gold pieces.

Inventory:

Hand Weapons
 a - the +11 short sword "Jamion" {vamp, rN++ SInv, unknown}
   (You found it on level 6 of the Dungeon)

   It inflicts no extra harm, but heals its wielder when it wounds a living foe.
   It greatly protects you from negative energy.
   It lets you see invisible.
 H - a +1 war axe of chopping
 K - a +3 great sword of electrocution (weapon)
 S - a +4 dire flail
 X - the +1 lajatang of Qaaclost {freeze, rElec MR+}
   (Okawaru gifted it to you on level 8 of the Dungeon)

   It has been specially enchanted to freeze those struck by it, causing extra
   injury to most foes and up to half again as much damage against particularly
   susceptible opponents.
   It can also slow down cold-blooded creatures.
   It insulates you from electricity.
   It affects your resistance to hostile enchantments.
Missiles
 F - 3 tomahawks
 G - a tomahawk of returning (quivered)
 N - 4 steel javelins
Armour
 f - a +0 pair of boots (worn)
 t - a +2 ring mail of fire resistance
 B - the scarf of Zenkair (worn) {Slay+3}
   (You acquired it on level 9 of the Dungeon)

   It affects your accuracy and damage with ranged weapons and melee attacks
   (+3).
 J - a +0 buckler
 T - a +3 leather armour of cold resistance (worn)
 U - the +6 leather armour of the Desert {SInv}
   (You found it on level 7 of the Dungeon)

   It lets you see invisible.
Jewellery
 k - a ring of resist corrosion (left hand)
 r - a ring of positive energy (right hand)
 Q - an uncursed ring of positive energy
Wands
 e - a wand of enslavement (24/24)
 g - a wand of clouds (5/9)
 w - a wand of polymorph (8/24)
 M - a wand of flame (36/48)
 R - a wand of iceblast (8/15)
 Z - a wand of flame (13/48)
Scrolls
 d - 5 scrolls of recharging
 j - 5 scrolls of identify
 n - 6 scrolls of remove curse
 y - 2 scrolls of fog
Potions
 b - a potion of agility
 i - 2 potions of heal wounds
 l - a potion of haste {unknown}
 m - a potion of cancellation {unknown}
 p - 4 potions of magic {unknown}
 s - 10 potions of curing {unknown}
 v - 2 potions of degeneration {unknown}
 x - 2 potions of lignification {unknown}
 A - a potion of mutation {unknown}
 E - a potion of might {unknown}
 O - a potion of brilliance {unknown}
Comestibles
 c - 5 bread rations
 q - 4 meat rations
 z - 6 fruits
 D - 4 royal jellies
 Y - a chunk of flesh


   Skills:
 + Level 8.6 Fighting
 + Level 11.9 Long Blades
 + Level 5.0(6.3) Axes
 + Level 5.7(6.9) Maces & Flails
 + Level 2.5(4.5) Staves
 + Level 2.1 Throwing
 + Level 6.9 Armour
 + Level 6.0 Dodging
 + Level 2.5 Stealth


You had 9 spell levels left.
You didn't know any spells.

Dungeon Overview and Level Annotations

Branches:
Dungeon (11/15)            Temple (1/1) D:4            Lair (1/6) D:8
    Orc: D:9-12

Altars:
Ashenzari
Fedhas
Gozag
Hepliaklqana
Kikubaaqudgha
Nemelex Xobeh
Okawaru
Qazlal
Trog
Wu Jian
Zin


Innate Abilities, Weirdness & Mutations

You reflexively headbutt those who attack you in melee.
You have a pair of horns on your head.


Message History

The nine-headed hydra barely misses you.
The nine-headed hydra bites you but does no damage.
The nine-headed hydra bites you.
The nine-headed hydra bites you but does no damage.
The nine-headed hydra barely misses you.
The nine-headed hydra closely misses you.
The nine-headed hydra bites you but does no damage.
The nine-headed hydra bites you!
* * * LOW HITPOINT WARNING * * *
The nine-headed hydra bites you.
* * * LOW HITPOINT WARNING * * *
The nine-headed hydra bites you.
* * * LOW HITPOINT WARNING * * *
The nine-headed hydra bites you!
* * * LOW HITPOINT WARNING * * *
The nine-headed hydra closely misses you.
The nine-headed hydra misses you.
The nine-headed hydra bites you but does no damage.
The nine-headed hydra bites you!
You die...

###### ####.##.##
####.#......#
###...#.......###
#######.........#....#. ###
##.#.##P................
#.###.#...............#.#...
#.......#...#.........###...
###.#.####..D@........#.P†#...
#...###.#..###..........P...##
.....#.##....##
##...##....†##..#
...#.#†...### ....##<...####..
.. P #...## #.......##.# #.
##.....### ...........## .
##..### .......###.# . #..
........ .# #. ....... #


You could see a nine-headed hydra.

Vanquished Creatures
  A two-headed ogre (D:8)
  Joseph (D:7)
  2 hippogriffs (D:7)
  Sigmund (D:2)
  Eustachio (D:5)
  Grum (D:8)
  A hungry ghost (D:8)
  Menkaure (D:5)
  A porcupine (Lair:1)
  A water moccasin (Lair:1)
  2 ice beasts (D:8)
  An orc warrior (D:8)
  A sky beast (D:5)
  4 black bears
  5 phantoms
  A necrophage (D:5)
  3 wolves (D:8)
  3 centaurs
  4 bullfrogs
  3 scorpions
  10 wights
  A howler monkey (D:4)
  3 crimson imps
  A quasit (D:9)
  5 hounds
  3 jellies
  Crazy Yiuf (D:5)
  3 orc priests
  4 orc wizards
  An iguana (D:4)
  9 worker ants
  A hound skeleton (D:6)
  A hound zombie (D:5)
  16 adders
  A shadow imp (D:6)
  An adder zombie (D:5)
  4 adder skeletons
  5 worms
  3 dart slugs
  7 leopard geckos
  26 orcs
  2 giant cockroaches
  3 goblins (D:1)
  11 hobgoblins
  15 jackals
  4 quokkas
  A ball python (D:7)
  4 bats
  6 frilled lizards
  A jackal skeleton (D:6)
  9 kobolds
  2 quokka skeletons
  11 rats
213 creatures vanquished.

Notes
Turn   | Place    | Note
-------+----------+-------------------------------------------
     0 | D:1      | slep the Minotaur Monk began the quest for the Orb.
     0 | D:1      | Reached XP level 1. HP: 19/19 MP: 0/0
   149 | D:1      | Reached XP level 2. HP: 27/27 MP: 1/1
   172 | D:1      | Reached skill level 4 in Long Blades
   651 | D:1      | Reached XP level 3. HP: 33/33 MP: 2/2
   948 | D:1      | You fall through a shaft!
  1095 | D:2      | Noticed Sigmund
  1112 | D:2      | HP: 1/33 [Sigmund/puff of flame (1)]
  1140 | D:2      | Killed Sigmund
  1140 | D:2      | Reached skill level 5 in Long Blades
  1140 | D:2      | Reached XP level 4. HP: 26/41 MP: 3/3
  1140 | D:2      | Reached XP level 5. HP: 30/47 MP: 4/4
  1241 | D:2      | Reached skill level 6 in Long Blades
  1265 | D:2      | Reached skill level 5 in Fighting
  1485 | D:2      | Reached XP level 6. HP: 49/56 MP: 5/5
  1570 | D:2      | You fall through a shaft!
  2576 | D:4      | Found a staircase to the Ecumenical Temple.
  2583 | Temple   | Entered the Ecumenical Temple
  2596 | Temple   | Became a worshipper of Warmaster Okawaru
  2596 | Temple   | Reached * piety under Okawaru
  2596 | Temple   | Reached ** piety under Okawaru
  2883 | D:4      | Reached skill level 1 in Axes
  2947 | D:4      | Reached XP level 7. HP: 61/61 MP: 6/6
  2970 | D:4      | Reached skill level 7 in Long Blades
  3189 | D:4      | Found a shattered altar of Ashenzari.
  3281 | D:5      | Entered Level 5 of the Dungeon
  3372 | D:5      | Noticed Menkaure
  3379 | D:5      | Killed Menkaure
  3752 | D:6      | Reached *** piety under Okawaru
  3752 | D:6      | Reached XP level 8. HP: 56/69 MP: 7/7
  3879 | D:5      | Reached skill level 1 in Throwing
  3879 | D:5      | Reached skill level 5 in Armour
  3998 | D:5      | Found a runed door.
  4041 | D:5      | Noticed Eustachio
  4053 | D:5      | Killed Eustachio
  4053 | D:5      | Reached skill level 5 in Axes
  4189 | D:5      | Noticed Crazy Yiuf
  4191 | D:5      | Killed Crazy Yiuf
  4191 | D:5      | Reached skill level 8 in Long Blades
  4658 | D:6      | Got a twisted short sword
  5281 | D:7      | Noticed a hippogriff
  5287 | D:7      | Killed a hippogriff
  5287 | D:7      | Reached skill level 9 in Long Blades
  5287 | D:7      | Reached skill level 5 in Dodging
  5418 | D:7      | Reached XP level 9. HP: 77/77 MP: 8/8
  5455 | D:7      | Found a bloodstained altar of Trog.
  5462 | D:7      | Reached **** piety under Okawaru
  5462 | D:7      | Reached skill level 10 in Long Blades
  5551 | D:7      | Noticed Joseph
  5566 | D:7      | Killed Joseph
  5566 | D:7      | Reached skill level 11 in Long Blades
  5584 | D:7      | Got a brightly glowing leather armour
  5595 | D:7      | Identified the +6 leather armour of the Desert {SInv} (You found it on level 7 of the Dungeon)
  5691 | D:7      | Reached ***** piety under Okawaru
  5865 | D:7      | Received a gift from Okawaru
  6008 | D:7      | Reached skill level 1 in Maces & Flails
  6261 | D:8      | Noticed a two-headed ogre
  6271 | D:8      | Killed a two-headed ogre
  6271 | D:8      | Reached XP level 10. HP: 33/86 MP: 9/9
  6294 | D:8      | Found a staircase to the Lair.
  6303 | D:8      | Noticed Grum
  6667 | D:8      | Killed Grum
  7342 | D:8      | Reached skill level 5 in Maces & Flails
  7368 | D:8      | Received a gift from Okawaru
  7381 | D:8      | Got a pitted lajatang {god gift}
  7382 | D:8      | Identified the +1 lajatang of Qaaclost {freeze, rElec MR+} (Okawaru gifted it to you on level 8 of the Dungeon)
  7578 | D:8      | You fall through a shaft for 3 floors!
  7615 | D:10     | Entered Level 10 of the Dungeon
  7672 | D:9      | Reached skill level 1 in Staves
  7757 | D:9      | Identified a scroll of acquirement
  7758 | D:9      | Got a twisted scarf
  7769 | D:9      | Identified the scarf of Zenkair {Slay+3} (You acquired it on level 9 of the Dungeon)
  7956 | Lair:1   | Entered Level 1 of the Lair of Beasts
  7994 | Lair:1   | Noticed an eight-headed hydra
  8023 | Lair:1   | HP: 1/90 [nine-headed hydra (8)]
  8023 | Lair:1   | Mangled by a nine-headed hydra

Vault maps used:
D:1:      tarquinn_simple_flora_water_b, minmay_octomino_c4
D:2:      minmay_misc_feat_plants, uniq_sigmund
D:3:      first_bread
D:4:      kennysheep_little_box, temple_fountains, serial_park_tiny_1,
          kennysheep_doodads, item_on_display_a
D:5:      minivault_25, uniq_menkaure, uniq_crazy_yiuf_cottage, uniq_eustachio
D:6:      minmay_misc_feat_cross
D:7:      trog_ov_bears_minmay, uniq_joseph
D:8:      lair_entry_dummy, uniq_grum
D:9:      special_room
D:10:     orc_0_dummy, grunt_ogre_cave
Temple:   nicolae_temple_the_god_donut
Lair:1:   lightli_volcano_entry_magma_tube, special_room, basic_altar,
          serial_bayou_pond_a

Skill      XL: |  1  2  3  4  5  6  7  8  9 10 |
---------------+-------------------------------+-----
Fighting       | 4 5 6 7 8 |  8.6
Long Blades    | 4 5 6 7 9 11 | 11.9
Armour         | 2 3 4 5 6 |  6.9
Dodging        | 4 5 6 |  6.0
Axes           | 1 4 5 |  5.0
Throwing       | 1 2 |  2.1
Stealth        | 2 |  2.5
Maces & Flails | 3 5 |  5.7
Staves         | 2 |  2.5

Action                   |  1- 3 |  4- 6 |  7- 9 | 10-12 || total
-------------------------+-------+-------+-------+-------++-------
Melee: Falchion          |    95 |   106 |       |       ||   201
       Headbutt          |    16 |    31 |    46 |    26 ||   119
       War axe           |       |    32 |    49 |       ||    81
       Great sword       |       |       |   112 |    16 ||   128
       Dire flail        |       |       |    47 |    64 ||   111
       Lajatang          |       |       |       |    56 ||    56
Throw: Tomahawk          |       |     4 |     7 |     1 ||    12
  Use: Potion            |     2 |       |       |     2 ||     4
       Scroll            |       |       |     3 |     8 ||    11
 Stab: Sleeping          |       |       |     1 |     1 ||     2
       Distracted        |       |       |       |     1 ||     1
  Eat: Chunk             |       |     7 |     9 |     9 ||    25
Armor: Chain mail        |    50 |    13 |       |       ||    63
       Ring mail         |       |    40 |    65 |       ||   105
       Leather armour    |       |       |    11 |    50 ||    61
Dodge: Dodged            |    35 |    85 |   139 |   142 ||   401
       Rpst.: Falchion   |    10 |    17 |       |       ||    27
       Great sword       |       |       |    20 |     8 ||    28

Table legend:
 A = Spawn XP
 B = Non-spawn XP
 C = Spawn XP percentage of total XP
 D = Spawn monster count
 E = Non-spawn monster count
 F = Spawn count percentage of total count
 G = Total turns spent on level
                    A         B        C        D         E        F      G
               +---------+---------+-------+---------+---------+-------+---------
         Total |       0 |    8495 |   0.0 |       0 |     213 |   0.0 |  8023
               +---------+---------+-------+---------+---------+-------+---------
           D:1 |       0 |      46 |   0.0 |       0 |      27 |   0.0 |   950
           D:2 |       0 |     345 |   0.0 |       0 |      24 |   0.0 |   798
           D:3 |       0 |     145 |   0.0 |       0 |      21 |   0.0 |   810
           D:4 |       0 |     414 |   0.0 |       0 |      18 |   0.0 |   694
           D:5 |       0 |    1082 |   0.0 |       0 |      22 |   0.0 |  1017
           D:6 |       0 |     242 |   0.0 |       0 |      19 |   0.0 |   969
           D:7 |       0 |    2507 |   0.0 |       0 |      35 |   0.0 |  1672
           D:8 |       0 |    3033 |   0.0 |       0 |      36 |   0.0 |   802
           D:9 |       0 |     249 |   0.0 |       0 |       4 |   0.0 |   162
          D:11 |       0 |      49 |   0.0 |       0 |       4 |   0.0 |    37
        Lair:1 |       0 |     383 |   0.0 |       0 |       3 |   0.0 |    67
               +---------+---------+-------+---------+---------+-------+---------
